 Dungeon Crawl Stone Soup version 0.30.1-11-g7821555f0a (webtiles) character file.

Game seed: 11132958315051371767

311 Chiseanne the Trooper (level 6, 22/50 HPs)
             Began as a Demonspawn Wanderer on Nov 24, 2023.
             Quit the game on level 3 of the Dungeon.
             The game lasted 00:04:54 (2996 turns).

Chiseanne the Trooper (Demonspawn Wanderer)         Turns: 2996, Time: 00:04:54

Health: 22/50      AC:  9    Str: 12    XL:     6   Next: 18%
Magic:  10/10      EV: 10    Int: 10    God:
Gold:   130        SH:  0    Dex: 18    Spells: 11/11 levels left

rFire   . . .        s - +2 quarterstaff (chaos)
rCold   . . .        (shield currently unavailable)
rNeg    . . .        j - +0 scale mail
rPois   .            (helmet restricted)
rElec   .            d - +0 cloak
rCorr   +            (no gloves)
SInv    .            (no boots)
Will    .....        (no amulet) Stlth
                     m - ring of resist corrosion
HPRegen 0.28/turn    (no ring)
MPRegen 0.12/turn

%: no passive effects
@: no status effects
A: antennae 1, rugged brown scales 2
a: no special abilities


You were on level 3 of the Dungeon.
You visited 1 branch of the dungeon, and saw 3 of its levels.

You collected 130 gold pieces.

Inventory:

Hand Weapons
 a - a +2 vampiric short sword
 s - a +2 quarterstaff of chaos (weapon)
Missiles
 b - 18 poisoned darts (quivered)
 i - 3 javelins
 k - 27 stones
Armour
 d - a +0 cloak (worn)
 j - a +0 scale mail (worn)
Jewellery
 m - a ring of resist corrosion (left hand)
 o - a ring of magical power
Scrolls
 f - a scroll of fear
Potions
 c - a potion of haste {unknown}
 e - 2 potions of flight {unknown}
 g - a potion of mutation
 h - 2 potions of brilliance
 n - a potion of attraction {unknown}


   Skills:
 * Level 3.7 Fighting
 - Level 2.6 Short Blades
 - Level 1.7 Throwing
 * Level 3.1 Armour
 * Level 3.1 Dodging
 - Level 3.0 Spellcasting


You had 11 spell levels left.
You didn't know any spells.
Your spell library contained the following spells:

 Spells                   Type           Power      Damage    Failure   Level
 Passwall                 Tmut/Erth      0%         N/A       91%         2
 Wereblood                Tmut           1%         N/A       91%         2
 Dazzling Flash           Conj/Hex       2%         N/A       99%         3
 Volatile Blastmotes      Fire/Tloc      2%         2d10      99%         3
 Iskenderun's Mystic Bla  Conj/Tloc      1%         2d3       100%        4
 Starburst                Conj/Fire      0%         6d3       100%        6


Dungeon Overview and Level Annotations

Branches:
Dungeon (3/15)

Altars:


Innate Abilities, Weirdness & Mutations

You have a pair of small antennae on your head.
You are mostly covered in rugged brown scales. (AC +2, +5% HP)


Message History

Sigmund breathes a few words.
Sigmund's hands start flickering wildly.
Sigmund barely misses you.
You bump into the rock wall.
You feel less confused. Sigmund hits you with a +0 scythe.
You hit Sigmund but do no damage.
Sigmund is moderately wounded.
Sigmund points at you and mumbles some strange words.
The magic dart hits you but does no damage.
You hit Sigmund.
You feel better.
Sigmund is moderately wounded.
Sigmund hits you with a +0 scythe!
You closely miss Sigmund.
Sigmund is moderately wounded.
Sigmund casts a spell at you. The magic dart hits you!
You closely miss Sigmund.
Sigmund is moderately wounded.
Sigmund barely misses you.
You barely miss Sigmund.
Sigmund is moderately wounded.
Sigmund casts a spell at you. The puff of flame hits you!
You barely miss Sigmund.
Sigmund is moderately wounded.
Sigmund casts a spell at you. You resist with some effort.
You barely miss Sigmund.
Sigmund is moderately wounded.
Sigmund's eyes start glowing with a red light.
Sigmund closely misses you.
You thump Sigmund! You drain Sigmund.
You kill Sigmund!
Your Armour skill increases to level 3!
Your Dodging skill increases to level 3!
You have reached level 6!
Your demonic ancestry asserts itself...
A pair of antennae grows on your head!
Are you sure you want to abandon this character and quit the game? (Confirm with "yes".)

........# ♣.♣.♣.
...............# #.....
.............>#....♣.♣.♣.
#............. #......)
#............. ..♣.♣.♣. .
............ .##.....
..#####.......... .....###
......#.#...##)# ...... #
.<..#.........@# #####..#
..............#### #..
.....#..........<### ###
#.....##.###..÷.####
#........# ###<....#
........#...#########.#
P......$.........######
♣♣P..................######
P................###......####


There were no monsters in sight!

Vanquished Creatures
  Sigmund (D:3)
  3 gnolls (D:2)
  3 adders (D:2)
  A worm (D:2)
  4 dart slugs
  An orc (D:2)
  2 ball pythons
  4 endoplasms
  4 giant cockroaches
  6 goblins
  6 hobgoblins (D:1)
  3 jackals
  5 kobolds (D:1)
  7 bats
  3 frilled lizards
  5 rats
58 creatures vanquished.

Vanquished Creatures (collateral kills)
  Crazy Yiuf (D:2)
1 creature vanquished.

Grand Total: 59 creatures vanquished

Notes
Turn   | Place    | Note
-------+----------+-------------------------------------------
     0 | D:1      | Chiseanne the Demonspawn Wanderer began the quest for the
                  | Orb.
     0 | D:1      | Chiseanne set off with the following items: a +2 short
                  | sword, 15 poisoned darts, a +0 dagger, a scroll of
                  | summoning, a +0 robe; and the following spells available to
                  | memorise: Passwall, Wereblood.
     0 | D:1      | Reached XP level 1. HP: 15/15 MP: 4/4
   235 | D:1      | Reached skill level 1 in Dodging
   235 | D:1      | Gained mutation: You are partially covered in rugged brown
                  | scales. (AC +1, +3% HP) [demonic ancestry]
   235 | D:1      | Reached XP level 2. HP: 15/21 MP: 6/6
   682 | D:1      | Reached XP level 3. HP: 24/27 MP: 7/7
  1691 | D:2      | Gained mutation: You are mostly covered in rugged brown
                  | scales. (AC +2, +5% HP) [demonic ancestry]
  1691 | D:2      | Reached XP level 4. HP: 6/35 MP: 8/8
  2194 | D:2      | Found a runed translucent door.
  2195 | D:2      | Noticed Crazy Yiuf
  2468 | D:2      | Killed Crazy Yiuf
  2617 | D:3      | Noticed Sigmund
  2744 | D:3      | Reached XP level 5. HP: 42/42 MP: 9/9
  2995 | D:3      | Killed Sigmund
  2996 | D:3      | Gained mutation: You have a pair of small antennae on your
                  | head. [demonic ancestry]
  2996 | D:3      | Reached XP level 6. HP: 22/50 MP: 10/10
  2996 | D:3      | Quit the game

Illustrated notes

Levels and vault maps discovered:
D:1:      lemuel_arrival_rhombus, layout_basic, minmay_misc_feat_five,
          st_stairs_8
D:2:      layout_loops_corners, uniq_crazy_yiuf_cottage
D:3:      layout_rooms, serial_shops, nicolae_shop_peninsula, serial_forest,
          infiniplex_forest_straight_2, infiniplex_forest_clump_long,
          infiniplex_forest_join, infiniplex_forest_clump_small,
          infiniplex_forest_side_room, infiniplex_forest_end_3,
          infiniplex_forest_clump_cross, infiniplex_forest_lined_room_3,
          infiniplex_forest_3_way, infiniplex_forest_lined_room_2, uniq_sigmund

Skill      XL: |  1  2  3  4  5 |
---------------+----------------+-----
Dodging        | 1 2 3 |  3.1
Fighting       | 2 3 |  3.7
Armour         | 2 3 |  3.1
Short Blades   | |  2.6
Throwing       | |  1.7
Spellcasting   | |  3.0

Action                     |  1- 3 |  4- 6 || total
---------------------------+-------+-------++-------
  Melee: Short sword       |   111 |    52 ||   163
         Punch             |     1 |     1 ||     2
         Quarterstaff      |       |    42 ||    42
  Throw: Dart              |     4 |     5 ||     9
    Use: Scroll            |     4 |     5 ||     9
         Potion            |       |     1 ||     1
   Stab: Sleeping          |     1 |       ||     1
         Invisible         |       |     1 ||     1
 Armour: Robe              |     6 |       ||     6
         Scale mail        |    27 |    38 ||    65
  Dodge: Dodged            |    51 |    47 ||    98
